NCAA
FLORIDA GATORS @ WAKE FOREST DEMON DEACONS
05/16/2027
 
TOP OF THE 1ST
Florida Gators batting - Pitching for Wake Forest Demon Deacons : RHP Arthur Martínez
Pitching: RHP Arthur Martínez
Batting: SHB Ethan Finley 0-0: Ground out 5-3 (Groundball, 56S)
Batting: LHB Bob MacDonald 0-0: SINGLE (Flyball, 8RS)
Batting: RHB Luis Morales 0-0: Called Strike
0-1: Foul Ball, location: 2F
0-2: Fly out, F8 (Flyball, 78M)
Batting: LHB Xavier Rivera 0-0: Ball
1-0: Ball
2-0: Foul Ball, location: 2F
2-1: Swinging Strike
2-2: Foul Ball, location: 2F
2-2: Ball
3-2: Strikes out swinging
Top of the 1st over - 0 run(s), 1 hit(s), 0 error(s), 1 left on base; Florida 0 - Wake Forest 0
BOTTOM OF THE 1ST
Wake Forest Demon Deacons batting - Pitching for Florida Gators : RHP Keith Cull
Pitching: RHP Keith Cull
Batting: RHB Leonard Conway 0-0: Ball
1-0: Ball
2-0: Ball
3-0: Base on Balls
Batting: LHB Barry Pierce 0-0: Ball
1-0: Called Strike
1-1: Ball
2-1: Foul Ball, location: 2F
2-2: Strikes out swinging
Leonard Conway steals 2nd base
Batter strikes out.
Batting: RHB Ed Hamilton 0-0: Foul Ball, location: 2F
0-1: Ball
1-1: Ground out 6-3 (Groundball, 6S)
Leonard Conway to third
Batting: RHB Andrew Ford 0-0: Called Strike
0-1: Swinging Strike
0-2: Foul Ball, location: 2F
0-2: Ball
1-2: Foul Ball, location: 2F
1-2: Foul Ball, location: 2F
1-2: Ball
2-2: Strikes out swinging
Bottom of the 1st over - 0 run(s), 0 hit(s), 0 error(s), 1 left on base; Florida 0 - Wake Forest 0
TOP OF THE 2ND
Florida Gators batting - Pitching for Wake Forest Demon Deacons : RHP Arthur Martínez
Batting: RHB Manny Gutiérrez 0-0: Foul Ball, location: 2F
0-1: Foul Ball, location: 2F
0-2: Foul Ball, location: 2F
0-2: Ball
1-2: Strikes out swinging
Batting: LHB Bruce Shelton 0-0: Ball
1-0: Swinging Strike
1-1: Swinging Strike
1-2: Foul Ball, location: 2F
1-2: Strikes out swinging
Batting: RHB Aurelio Hinojosa 0-0: SINGLE (Flyball, 9LS)
Batting: RHB Marshall Normore 0-0: Swinging Strike
0-1: Ball
1-1: Ball
2-1: SINGLE (Groundball, 6MD)
Aurelio Hinojosa to second
Batting: RHB Dorian Riddle 0-0: Called Strike
0-1: Called Strike
0-2: Ball
1-2: Ball
2-2: Foul Ball, location: 2F
2-2: Ball
3-2: Strikes out swinging
Top of the 2nd over - 0 run(s), 2 hit(s), 0 error(s), 2 left on base; Florida 0 - Wake Forest 0
BOTTOM OF THE 2ND
Wake Forest Demon Deacons batting - Pitching for Florida Gators : RHP Keith Cull
Batting: LHB Dax Valdéz 0-0: SINGLE (Line Drive, 3D)
Batting: LHB Josh Domínguez 0-0: Ball
1-0: Ball
2-0: Ground out U3 (Groundball, 3S)
Dax Valdéz to second
Batting: SHB José Salazar 0-0: Fly out, F5 (Line Drive, 5S)
Batting: RHB Felipe Costa 0-0: Ball
1-0: Ball
2-0: Called Strike
2-1: Foul Ball, location: 2F
2-2: Ground out 5-3 (Groundball, 56S)
Bottom of the 2nd over - 0 run(s), 1 hit(s), 0 error(s), 1 left on base; Florida 0 - Wake Forest 0
TOP OF THE 3RD
Florida Gators batting - Pitching for Wake Forest Demon Deacons : RHP Arthur Martínez
Batting: SHB Ethan Finley 0-0: Ground out 6-3 (Groundball, 6)
Batting: LHB Bob MacDonald 0-0: Ball
1-0: Called Strike
1-1: Foul Ball, location: 2F
1-2: Ground out 6-3 (Groundball, 6)
Batting: RHB Luis Morales 0-0: Called Strike
0-1: Foul Ball, location: 2F
0-2: Ball
1-2: Ball
2-2: Foul Ball, location: 2F
2-2: Ball
3-2: Fly out, F4 (Line Drive, 4)
Top of the 3rd over - 0 run(s), 0 hit(s), 0 error(s), 0 left on base; Florida 0 - Wake Forest 0
BOTTOM OF THE 3RD
Wake Forest Demon Deacons batting - Pitching for Florida Gators : RHP Keith Cull
Batting: RHB Wilbert Bernard 0-0: Called Strike
0-1: Ball
1-1: Ball
2-1: Ball
3-1: Called Strike
3-2: Strikes out swinging
Batting: RHB Leonard Conway 0-0: Called Strike
0-1: Ground out 6-3 (Groundball, 6)
Batting: LHB Barry Pierce 0-0: Foul Ball, location: 2F
0-1: Fly out, F6 (Flyball, 56D)
Bottom of the 3rd over - 0 run(s), 0 hit(s), 0 error(s), 0 left on base; Florida 0 - Wake Forest 0
TOP OF THE 4TH
Florida Gators batting - Pitching for Wake Forest Demon Deacons : RHP Arthur Martínez
Batting: LHB Xavier Rivera 0-0: Swinging Strike
0-1: Called Strike
0-2: SINGLE (Groundball, 6MD)
Batting: RHB Manny Gutiérrez 0-0: Ball
1-0: Ball
2-0: Called Strike
2-1: Foul Ball, location: 2F
2-2: Ball
3-2: Foul Ball, location: 2F
3-2: Fly out, F8 (Line Drive, 8LD)
Batting: LHB Bruce Shelton 0-0: Ball
1-0: DOUBLE (Flyball, 78XD)
Xavier Rivera to third
Batting: RHB Aurelio Hinojosa 0-0: Ball
1-0: Ball
2-0: Called Strike
2-1: Foul Ball, location: 2F
2-2: SINGLE (Groundball, 4D)
Xavier Rivera scores
Bruce Shelton to third
Runner from 3rd tries for Home, SAFE, throw made home
Batting: RHB Marshall Normore 0-0: Ball
1-0: Foul Ball, location: 2F
1-1: Ball
2-1: Ball
3-1: Foul Ball, location: 2F
3-2: Strikes out swinging
Batting: RHB Dorian Riddle 0-0: Called Strike
0-1: Ball
1-1: Ball
2-1: Foul Ball, location: 2F
2-2: Foul Ball, location: 2F
2-2: SINGLE (Flyball, 89S)
Aurelio Hinojosa to second
Runner from 2nd tries for 3rd, OUT!
Top of the 4th over - 2 run(s), 4 hit(s), 0 error(s), 1 left on base; Florida 2 - Wake Forest 0
BOTTOM OF THE 4TH
Wake Forest Demon Deacons batting - Pitching for Florida Gators : RHP Keith Cull
Batting: RHB Ed Hamilton 0-0: Foul Ball, location: 2F
0-1: Ball
1-1: Called Strike
1-2: Ball
2-2: Foul Ball, location: 2F
2-2: Fly out, F8 (Flyball, 8LD)
Batting: RHB Andrew Ford 0-0: Called Strike
0-1: Foul Ball, location: 2F
0-2: Strikes out swinging
Batting: LHB Dax Valdéz 0-0: Swinging Strike
0-1: Ball
1-1: Called Strike
1-2: Strikes out swinging
Bottom of the 4th over - 0 run(s), 0 hit(s), 0 error(s), 0 left on base; Florida 2 - Wake Forest 0
TOP OF THE 5TH
Florida Gators batting - Pitching for Wake Forest Demon Deacons : RHP Arthur Martínez
Batting: SHB Ethan Finley 0-0: SINGLE (Groundball, 4MD)
Batting: LHB Bob MacDonald 0-0: Swinging Strike
0-1: Foul Ball, location: 2F
0-2: Ball
1-2: Strikes out swinging
Pitching: RHP Carl Morris
Batting: RHB Luis Morales 0-0: Called Strike
Ethan Finley steals 2nd base
0-1: Ball
1-1: Called Strike
1-2: Foul Ball, location: 2F
1-2: Foul Ball, location: 2F
1-2: Strikes out swinging
Batting: LHB Xavier Rivera 0-0: Ball
1-0: Ground out 4-3 (Groundball, 4)
Top of the 5th over - 0 run(s), 1 hit(s), 0 error(s), 1 left on base; Florida 2 - Wake Forest 0
BOTTOM OF THE 5TH
Wake Forest Demon Deacons batting - Pitching for Florida Gators : RHP Keith Cull
Batting: LHB Josh Domínguez 0-0: Ball
1-0: Ball
2-0: Swinging Strike
2-1: Fly out, F8 (Flyball, 8RM)
Batting: SHB José Salazar 0-0: Called Strike
0-1: Swinging Strike
0-2: Strikes out looking
Batting: RHB Felipe Costa 0-0: Ball
1-0: Called Strike
1-1: Called Strike
1-2: Foul Ball, location: 2F
1-2: Ball
2-2: DOUBLE (Line Drive, 9LM)
Batting: RHB Wilbert Bernard 0-0: Called Strike
0-1: Foul Ball, location: 2F
0-2: Foul Ball, location: 2F
0-2: Foul Ball, location: 2F
0-2: Strikes out swinging
Bottom of the 5th over - 0 run(s), 1 hit(s), 0 error(s), 1 left on base; Florida 2 - Wake Forest 0
TOP OF THE 6TH
Florida Gators batting - Pitching for Wake Forest Demon Deacons : RHP Carl Morris
Batting: RHB Manny Gutiérrez 0-0: Foul Ball, location: 2F
0-1: Ball
1-1: Foul Ball, location: 2F
1-2: Foul Ball, location: 2F
1-2: Ball
2-2: Ball
3-2: Strikes out swinging
Batting: LHB Bruce Shelton 0-0: SINGLE (Line Drive, 8LM)
Batting: RHB Aurelio Hinojosa 0-0: Ball
1-0: Foul Ball, location: 2F
1-1: Ground out 5-3 (Groundball, 25)
Bruce Shelton to second
Batting: RHB Marshall Normore 0-0: Ball
1-0: Fly out, F8 (Flyball, 8LM)
Top of the 6th over - 0 run(s), 1 hit(s), 0 error(s), 1 left on base; Florida 2 - Wake Forest 0
BOTTOM OF THE 6TH
Wake Forest Demon Deacons batting - Pitching for Florida Gators : RHP Keith Cull
Batting: RHB Leonard Conway 0-0: Ball
1-0: Called Strike
1-1: Foul Ball, location: 2F
1-2: Strikes out swinging
Batting: LHB Barry Pierce 0-0: Ground out 4-3 (Groundball, 4)
Batting: RHB Ed Hamilton 0-0: Ball
1-0: Swinging Strike
1-1: SINGLE (Groundball, 4MD)
Batting: RHB Andrew Ford 0-0: Ball
1-0: Foul Ball, location: 2F
1-1: Ball
2-1: SINGLE (Flyball, 9S)
Ed Hamilton to second
Throwing error, E9
Ed Hamilton scores
Andrew Ford to second
Pitching: RHP Michael Short
Batting: LHB Dax Valdéz 0-0: Called Strike
0-1: Ball
1-1: Ball
2-1: Swinging Strike
2-2: Foul Ball, location: 2F
2-2: SINGLE (Groundball, 25) (infield hit)
Andrew Ford to third
Batting: LHB Josh Domínguez 0-0: Ball
1-0: Ball
2-0: Swinging Strike
2-1: Ball
3-1: Base on Balls
Dax Valdéz to second
Batting: SHB José Salazar 0-0: Ball
1-0: Foul Ball, location: 2F
1-1: Ball
2-1: Called Strike
2-2: Ball
3-2: Strikes out looking
Bottom of the 6th over - 1 run(s), 3 hit(s), 1 error(s), 3 left on base; Florida 2 - Wake Forest 1
TOP OF THE 7TH
Florida Gators batting - Pitching for Wake Forest Demon Deacons : RHP Carl Morris
Batting: RHB Dorian Riddle 0-0: Fly out, F8 (Flyball, 8RM)
Batting: SHB Ethan Finley 0-0: Called Strike
0-1: Ball
1-1: Ball
2-1: Ball
3-1: Foul Ball, location: 2F
3-2: Strikes out swinging
Batting: LHB Bob MacDonald 0-0: Ball
1-0: Called Strike
1-1: Called Strike
1-2: Foul Ball, location: 2F
1-2: Ground out 4-3 (Groundball, 34)
Top of the 7th over - 0 run(s), 0 hit(s), 0 error(s), 0 left on base; Florida 2 - Wake Forest 1
BOTTOM OF THE 7TH
Wake Forest Demon Deacons batting - Pitching for Florida Gators : RHP Michael Short
Batting: RHB Felipe Costa 0-0: Ground out 4-3 (Groundball, 34)
Batting: RHB Wilbert Bernard 0-0: Ball
1-0: Called Strike
1-1: Ball
2-1: Swinging Strike
2-2: Ball
3-2: Base on Balls
Pinch Hitting: RHB Jack Hogan 0-0: Ball
1-0: Ball
2-0: Ball
3-0: Called Strike
3-1: Base on Balls
Wilbert Bernard to second
Pitching: LHP Ryan McKibbin
Batting: LHB Barry Pierce 0-0: Called Strike
0-1: Foul Ball, location: 2F
0-2: Ball
1-2: Fly out, F8 (Flyball, 8LM)
Pitching: RHP Carl Hill
Batting: RHB Ed Hamilton 0-0: Foul Ball, location: 2F
0-1: Called Strike
0-2: Ball
1-2: Ball
2-2: SINGLE (Line Drive, 4D)
Wilbert Bernard to third
Jack Hogan to second
Runner from 3rd tries for Home, SAFE, no throw
Batting: RHB Andrew Ford 0-0: Ball
1-0: Called Strike
1-1: Foul Ball, location: 2F
1-2: Fly out, F4 (Popup, 4)
Bottom of the 7th over - 1 run(s), 1 hit(s), 0 error(s), 2 left on base; Florida 2 - Wake Forest 2
TOP OF THE 8TH
Florida Gators batting - Pitching for Wake Forest Demon Deacons : RHP Carl Morris
Now at SS: Daniel Dillard
Batting: RHB Luis Morales 0-0: Ball
1-0: Ground out 6-3 (Groundball, 6)
Batting: LHB Xavier Rivera 0-0: SINGLE (Line Drive, 4MD)
Batting: RHB Manny Gutiérrez 0-0: Ball
1-0: Foul Ball, location: 2F
1-1: Ball
2-1: Ball
3-1: Base on Balls
Xavier Rivera to second
Batting: LHB Bruce Shelton 0-0: Called Strike
0-1: Ball
1-1: Swinging Strike
1-2: Foul Ball, location: 2F
1-2: Ball
2-2: Ball
3-2: Base on Balls
Xavier Rivera to third
Manny Gutiérrez to second
Pitching: LHP John McKellar
Batting: RHB Aurelio Hinojosa 0-0: Ball
1-0: Foul Ball, location: 2F
1-1: Foul Ball, location: 2F
1-2: Strikes out swinging
Batting: RHB Marshall Normore 0-0: Ball
1-0: Foul Ball, location: 2F
1-1: Foul Ball, location: 2F
1-2: Ball
2-2: Foul Ball, location: 2F
2-2: Foul Ball, location: 2F
2-2: Foul Ball, location: 2F
2-2: Fly out, F6 (Line Drive, 6M)
Top of the 8th over - 0 run(s), 1 hit(s), 0 error(s), 3 left on base; Florida 2 - Wake Forest 2
BOTTOM OF THE 8TH
Wake Forest Demon Deacons batting - Pitching for Florida Gators : RHP Carl Hill
Batting: LHB Dax Valdéz 0-0: Ball
1-0: Foul Ball, location: 2F
1-1: Foul Ball, location: 2F
1-2: Strikes out looking
Pinch Hitting: SHB Dave Bell 0-0: Ball
1-0: Called Strike
1-1: Foul Ball, location: 2F
1-2: Ground out U3 (Groundball, 34)
Batting: SHB José Salazar 0-0: Called Strike
0-1: Ball
1-1: Foul Ball, location: 2F
1-2: Strikes out swinging
Bottom of the 8th over - 0 run(s), 0 hit(s), 0 error(s), 0 left on base; Florida 2 - Wake Forest 2
TOP OF THE 9TH
Florida Gators batting - Pitching for Wake Forest Demon Deacons : LHP John McKellar
Pitching: RHP Chris Knapp
Now at 1B: Roger Blair
Batting: RHB Dorian Riddle 0-0: Called Strike
0-1: SINGLE (Line Drive, 56)
Batting: SHB Ethan Finley 0-0: Bunted foul
0-1: Ball
1-1: Bunted foul
1-2: Ball
2-2: Foul Ball, location: 2F
2-2: Foul Ball, location: 2F
2-2: Strikes out looking
Batting: LHB Bob MacDonald 0-0: Ball
Dorian Riddle steals 2nd base
1-0: Ball
2-0: Called Strike
2-1: Fly out, F7 (Flyball, 7S)
Batting: RHB Luis Morales 0-0: Ball
1-0: Ball
2-0: Swinging Strike
2-1: Ball
3-1: Foul Ball, location: 2F
3-2: Strikes out swinging
Top of the 9th over - 0 run(s), 1 hit(s), 0 error(s), 1 left on base; Florida 2 - Wake Forest 2
BOTTOM OF THE 9TH
Wake Forest Demon Deacons batting - Pitching for Florida Gators : RHP Carl Hill
Batting: RHB Felipe Costa 0-0: Foul Ball, location: 2F
0-1: Swinging Strike
0-2: Ground out 5-3 (Groundball, 56)
Pinch Hitting: RHB Tyler Robinson 0-0: Called Strike
0-1: Foul Ball, location: 2F
0-2: Ball
1-2: Strikes out looking
Batting: RHB Daniel Dillard 0-0: Called Strike
0-1: Ball
1-1: SOLO HOME RUN (Flyball, 78XD), Distance : 371 ft
Thursday, March 30th, 2017 - OOTP Baseball 17.12 Build 75